 Dungeon Crawl Stone Soup version 0.30-a0-385-gfebfb9b408 (webtiles) character file.

Game seed: 14793626933896022650

529 p00ps00p the Trooper (level 7, -1/62 HPs)
             Began as a Hill Orc Fighter on Dec 3, 2022.
             Was an Initiate of Gozag.
             Succumbed to a killer bee's poison
             ... on level 4 of the Dungeon.
             The game lasted 00:07:23 (3186 turns).

p00ps00p the Trooper (Hill Orc Fighter)             Turns: 3186, Time: 00:07:24

Health: -1/62      AC: 19    Str: 21    XL:     7   Next: 24%
Magic:  7/7        EV:  6    Int:  8    God:    Gozag
Gold:   497        SH:  5    Dex: 10    Spells: 6/6 levels left

rFire   . . .      SeeInvis .    v - +1 hand axe (flame)
rCold   . . .      Faith    .    c - +0 buckler
rNeg    . . .      Spirit   .    u - +3 plate armour
rPois   .          Reflect  .    i - +0 helmet
rElec   .          Harm     .    o - +0 cloak
rCorr   .          Rampage  .    (no gloves)
Will    .....                    r - +0 pair of boots
Stlth   ..........               (no amulet)
HPRegen 0.30/turn                (no ring)
MPRegen 0.10/turn                (no ring)

@: lethally poisoned (-1 -> -18), about to teleport, gold aura
A: no striking features
a: Renounce Religion, Potion Petition, Call Merchant, Bribe Branch


You were on level 4 of the Dungeon.
You worshipped Gozag.
Gozag was aware of your devotion.
You visited 1 branch of the dungeon, and saw 4 of its levels.
You also visited: Sewer.

You collected 579 gold pieces.
You paid 82 gold pieces to Gozag.

Inventory:

Hand Weapons
 a - a +0 war axe
 v - a +1 hand axe of flaming (weapon)
Missiles
 l - 4 silver javelins (quivered)
Armour
 b - a +0 scale mail
 c - a +0 buckler (worn)
 i - a +0 helmet (worn)
 o - a +0 cloak (worn)
 r - a +0 pair of boots (worn)
 u - a +3 plate armour (worn)
Scrolls
 p - a scroll of poison
 t - a scroll of noise {unknown}
 w - a scroll of identify
 x - a scroll of magic mapping
Potions
 f - 2 potions of degeneration
 g - a potion of curing {unknown}
 h - 3 potions of mutation
 j - 3 potions of lignification
 k - 2 potions of resistance
 m - a potion of flight
 n - a potion of brilliance {unknown}
 s - a potion of haste {unknown}


   Skills:
 + Level 5.7 Fighting
 + Level 5.5 Axes
 + Level 5.2 Armour
 + Level 5.2 Shields


You had 6 spell levels left.
You didn't know any spells.
Your spell library contained the following spells:

 Spells                   Type           Power      Damage    Failure   Level
 Kiss of Death            Conj/Necr      0%         2d5       100%        1
 Confusing Touch          Hex            0%         N/A       100%        3
 Dispel Undead            Necr           0%         3d6       100%        4


Dungeon Overview and Level Annotations

Branches:
Dungeon (4/15)              Sewer (visited)
 Temple: D:4-7

Altars:
Gozag
Hepliaklqana
Vehumet


Message History

You miss the killer bee.
The killer bee is heavily wounded.
You barely miss the killer bee. You closely miss the killer bee.
You feel extremely sick. The killer bee stings you.
* * * LOW HITPOINT WARNING * * *
The killer bee stings you!
* * * LOW HITPOINT WARNING * * *
You are more poisoned.
The killer bee poisons you!
The killer bee stings you but does no damage.
The killer bee barely misses you.
The killer bee stings you but does no damage.
The killer bee stings you.
* * * LOW HITPOINT WARNING * * *
You feel much better.
You feel very sick.
The killer bee stings you but does no damage.
The killer bee barely misses you. The killer bee stings you.
The killer bee barely misses you.
The killer bee stings you but does no damage.
You block the killer bee's attack.
As you read the scroll of teleportation, it crumbles to dust.
You feel strangely unstable.
* * * LOW HITPOINT WARNING * * *
You feel very sick. The killer bee barely misses you.
The killer bee stings you but does no damage. x2
The killer bee stings you.
* * * LOW HITPOINT WARNING * * *
The killer bee stings you but does no damage.
The killer bee stings you.
* * * LOW HITPOINT WARNING * * *
The killer bee attacks as you move away!
The killer bee stings you but does no damage.
The killer bee attacks as you move away!
The killer bee stings you!
* * * LOW HITPOINT WARNING * * *
You die...
Your body crumbles into a pile of gold.

#...................
#...............###.
#.....>.............
####.....##.........
####.....##.........
#........##.........
#...................
#.................##
#.####.@..............#
#.......y...............
######y$y...............
#..................
#.......########.##
#......... #.#
#......... # #.........
#.........


You could see 3 killer bees.

Vanquished Creatures
  Menkaure (D:4)
  A scorpion (D:4)
  A killer bee (D:4)
  A hound (D:3)
  An orc wizard (D:4)
  4 gnolls (D:3)
  8 adders
  5 river rats (Sewer)
  A worm (D:3)
  4 orcs (D:4)
  12 ball pythons
  4 endoplasms
  4 giant cockroaches
  6 goblins
  7 hobgoblins
  6 jackals
  8 quokkas
  9 bats
  5 frilled lizards
  6 kobolds
  15 rats
109 creatures vanquished.

Notes
Turn   | Place    | Note
-------+----------+-------------------------------------------
     0 | D:1      | p00ps00p the Hill Orc Fighter began the quest for the Orb.
     0 | D:1      | Reached XP level 1. HP: 19/19 MP: 1/1
   144 | D:1      | Reached XP level 2. HP: 26/27 MP: 2/2
   863 | D:2      | Reached XP level 3. HP: 33/33 MP: 3/3
  1417 | D:3      | Reached XP level 4. HP: 40/40 MP: 4/4
  1552 | D:3      | Found a hazy altar of Hepliaklqana.
  1733 | D:3      | Found an opulent altar of Gozag.
  1750 | D:3      | Became a worshipper of Gozag Ym Sagoz the Greedy
  1756 | D:3      | Reached XP level 5. HP: 25/47 MP: 5/5
  2378 | D:4      | Noticed a black bear
  2447 | D:4      | Found a radiant altar of Vehumet.
  2466 | D:4      | Reached skill level 5 in Fighting
  2466 | D:4      | Reached XP level 6. HP: 56/56 MP: 6/6
  2619 | D:4      | Found a glowing drain.
  2623 | Sewer    | Entered a sewer
  2784 | Sewer    | Reached skill level 5 in Axes
  3106 | D:4      | Noticed Menkaure
  3121 | D:4      | Killed Menkaure
  3122 | D:4      | Reached skill level 5 in Armour
  3122 | D:4      | Reached skill level 5 in Shields
  3122 | D:4      | Reached XP level 7. HP: 51/61 MP: 7/7
  3186 | D:4      | HP: 3/62 [killer bee (7)]
  3186 | D:4      | Succumbed to a killer bee's poison

Illustrated notes

Levels and vault maps discovered:
D:1:      sevenhm_arrival_forest_fort_small_3, layout_basic
D:2:      layout_basic, minmay_ruptured
D:3:      layout_loops_ring, nicolae_gozag_cash_rules_everything_around_me,
          lemuel_tele_altar, kennysheep_small_spiral
D:4:      minmay_skewed_foursquare, layout_basic, old_standard_altar,
          gup_sewer_entry_bowl, uniq_duvessa, uniq_menkaure, uniq_ijyb

Skill      XL: |  1  2  3  4  5  6 |
---------------+-------------------+-----
Axes           | 3 4 5 |  5.5
Fighting       | 4 5 |  5.7
Shields        | 4 5 |  5.2
Armour         | 4 5 |  5.2

Action                   |  1- 3 |  4- 6 |  7- 9 || total
-------------------------+-------+-------+-------++-------
Melee: War axe           |   113 |    14 |       ||   127
       Hand axe          |       |   204 |     6 ||   210
  Use: Scroll            |       |    16 |     1 ||    17
       Potion            |       |     2 |     1 ||     3
 Stab: Distracted        |       |     1 |       ||     1
Armor: Scale mail        |    85 |       |       ||    85
       Plate armour      |     4 |   165 |    22 ||   191
Dodge: Dodged            |    89 |    66 |     8 ||   163
Block: Buckler           |    46 |    57 |     8 ||   111

Table legend: (Time is in decaauts)
 A = Elapsed time spent in this place.
 B = Non-inter-level travel time spent in this place.
 C = Inter-level travel time spent in this place.
 D = Time resting spent in this place.
 E = Time spent auto-exploring this place.
 F = Levels seen in this place.
 G = Mean time per level.
                   A        B        C        D        E       F      G
               +--------+--------+--------+--------+--------+-----+--------+
         Total |   3322 |   3285 |     37 |    186 |   1928 |   5 |  664.4 |
       Dungeon |   2790 |   2753 |     37 |    186 |   1584 |   4 |  697.5 |
         Sewer |    532 |    532 |      0 |      0 |    344 |   1 |  532.0 |
               +--------+--------+--------+--------+--------+-----+--------+

Top non-repeatable levels by time:
     D:3: 994 daAuts
     D:1: 803 daAuts
     D:2: 649 daAuts
   Sewer: 532 daAuts
     D:4: 343 daAuts
